 Dungeon Crawl Stone Soup version 0.28-a0-1213-g0243856f03 (webtiles) character file.

Game seed: 10837629213462094295

2802 r3xj the Cleaver (level 9, -6/75 HPs)
             Began as a Minotaur Fighter on Dec 22, 2021.
             Was an Elder of Okawaru.
             Mangled by an ice beast (8 damage)
             ... on level 7 of the Dungeon.
             The game lasted 00:14:50 (7081 turns).

r3xj the Cleaver (Minotaur Fighter)                 Turns: 7081, Time: 00:14:52

Health: -6/75      AC:  9    Str: 26    XL:     9   Next: 44%
Magic:  8/8        EV:  8    Int:  5    God:    Okawaru [****..]
Gold:   351        SH: 10    Dex:  9    Spells: 8/8 levels left

rFire   . . .      SeeInvis +   A - +0 war axe (vorpal)
rCold   . . .      Faith    .   a - +0 kite shield
rNeg    . . .      Spirit   .   b - +0 scale mail
rPois   .          Reflect  .   (helmet restricted)
rElec   .          Harm     .   (no cloak)
rCorr   .          Rampage  .   (no gloves)
Will    .....                   l - +1 pair of boots
Stlth   ..........              (no amulet)
HPRegen 0.22/turn               g - ring of see invisible
MPRegen 0.11/turn               j - ring of flight

@: flying
A: horns 2, retaliatory headbutt
a: Renounce Religion, Heroism, Finesse


You were on level 7 of the Dungeon.
You worshipped Okawaru.
Okawaru was greatly pleased with you.
You visited 2 branches of the dungeon, and saw 8 of its levels.

You collected 351 gold pieces.

Inventory:

Hand Weapons
 o - a +5 dire flail of protection
 A - a +0 vorpal war axe (weapon)
Missiles
 i - 36 poisoned darts (quivered)
Armour
 a - a +0 kite shield (worn)
 b - a +0 scale mail (worn)
 c - a +0 buckler
 l - a +1 pair of boots (worn)
Jewellery
 g - a ring of see invisible (left hand)
 j - a ring of flight (right hand)
Wands
 t - a wand of acid (24)
 x - a wand of flame (21)
 y - a wand of mindburst (35)
 z - a wand of paralysis (2)
Scrolls
 e - a scroll of teleportation
 k - 3 scrolls of enchant armour
Potions
 d - a potion of might
 f - a potion of cancellation
 h - a potion of resistance {unknown}
 m - a potion of berserk rage
 n - 3 potions of curing
 p - a potion of ambrosia {unknown}
 q - a potion of attraction
 s - 4 potions of lignification {unknown}


   Skills:
 - Level 6.0 Fighting
 * Level 12.6 Axes
 - Level 3.6 Armour
 + Level 8.8 Shields


You had 8 spell levels left.
You didn't know any spells.
Your spell library contained the following spells:

 Spells                   Type           Power      Damage    Failure   Level
 Beastly Appendage        Tmut           0%         N/A       95%         1
 Blink                    Tloc           0%         N/A       99%         2
 Ensorcelled Hibernation  Hex/Ice        0%         N/A       99%         2
 Scorch                   Fire           0%         2d5       99%         2
 Static Discharge         Conj/Air       0%         N/A       99%         2
 Wereblood                Tmut           0%         N/A       99%         2
 Spider Form              Tmut/Pois      0%         N/A       100%        3
 Dispel Undead            Necr           0%         3d6       100%        4
 Flame Wave               Conj/Fire      0%         2d4       100%        4
 Sticky Flame             Conj/Fire      0%         2d3       100%        4
 Manifold Assault         Tloc           0%         N/A       100%        5
 Storm Form               Tmut/Air       0%         N/A       100%        7
 Tukima's Dance           Hex            Unusable   N/A       N/A         3
 Summon Cactus Giant      Summ           Unusable   N/A       N/A         6

Dungeon Overview and Level Annotations

Branches:
Dungeon (7/15)             Temple (1/1) D:4

Altars:
Ashenzari
Cheibriados
Elyvilon
Fedhas
Gozag
Hepliaklqana
Kikubaaqudgha
Makhleb
Nemelex Xobeh
Okawaru
Qazlal
Ru
Sif Muna
Trog
Uskayaw
Vehumet
Wu Jian
Xom
Yredelemnul
Zin
The Shining One


Innate Abilities, Weirdness & Mutations

You have a pair of horns on your head.
You reflexively headbutt those who attack you in melee.


Message History

The white imp is heavily wounded.
The white imp misses you. You furiously retaliate!
You headbutt the white imp.
Your shield and scale mail prevent you from hitting the white imp.
Your headbutt misses the white imp.
The white imp is heavily wounded.
You block the white imp's attack.
You closely miss the white imp.
You headbutt the white imp, but do no damage.
The white imp is heavily wounded.
The white imp summons a swarm of flies.
The white imp gestures at you. The puff of frost hits you.
* * * LOW HITPOINT WARNING * * *
You closely miss the white imp.
The white imp is heavily wounded.
The white imp gestures at you. The puff of frost hits you!
* * * LOW HITPOINT WARNING * * *
You barely miss the white imp.
The white imp is heavily wounded.
The white imp barely misses you. You furiously retaliate!
You headbutt the white imp, but do no damage.
You slash the white imp!
You kill the white imp!
Okawaru accepts your kill.
You closely miss the ice beast. Your headbutt misses the ice beast.
You block the ice beast's attack.
You hit the ice beast but do no damage.
The ice beast hits you but does no damage.
You barely miss the ice beast. You block the ice beast's attack.
You slash the ice beast!
The ice beast is severely wounded.
You block the ice beast's attack.
You slash the ice beast!
You headbutt the ice beast, but do no damage.
The ice beast is almost dead.
The ice beast hits you.
* * * LOW HITPOINT WARNING * * *
The ice beast freezes you!
You die...

.... ..... .....
..... ... #..
##### ### .
##...## ...#
#.....#####.....
..
#......@........
...
#.....##Y##....
... ##.))##...#
. ...
##.##...$.# ...
#.#.......# ..#
#.#...)...# ###
#.#5......# # #
##.##.....##.##
#
##.[.##...##...#


You could see an ice beast.

Vanquished Creatures
  A wyvern (D:7)
  A steam dragon (D:6)
  Edmund (D:6)
  2 water moccasins
  2 sky beasts (D:6)
  2 black bears (D:6)
  An orc warrior (D:7)
  A necrophage (D:5)
  2 centaurs
  2 ogres
  A bullfrog (D:7)
  4 scorpions
  3 water moccasin skeletons
  A wight (D:7)
  2 centaur zombies
  A bullfrog zombie (D:6)
  3 hounds
  A jelly (D:6)
  3 orc priests
  Ijyb (D:4)
  A centaur skeleton (D:5)
  3 iguanas
  7 orc wizards
  A killer bee zombie (D:6)
  2 hound zombies (D:5)
  6 adders
  2 white imps
  3 ufetubi
  3 dart slugs
  21 orcs
  6 endoplasms
  4 giant cockroaches
  5 goblins
  7 hobgoblins
  10 jackals
  7 quokkas
  6 ball pythons
  3 bats
  4 frilled lizards
  12 kobolds
  8 rats
156 creatures vanquished.

Notes
Turn   | Place    | Note
-------+----------+-------------------------------------------
     0 | D:1      | r3xj the Minotaur Fighter began the quest for the Orb.
     0 | D:1      | Reached XP level 1. HP: 19/19 MP: 0/0
   204 | D:1      | Reached skill level 3 in Axes
   204 | D:1      | Reached XP level 2. HP: 25/27 MP: 1/1
   702 | D:1      | Reached XP level 3. HP: 32/33 MP: 2/2
  1259 | D:2      | Reached skill level 4 in Axes
  1860 | D:2      | Found a faded altar of an unknown god.
  2196 | D:3      | Reached XP level 4. HP: 41/41 MP: 3/3
  2939 | D:4      | Found a staircase to the Ecumenical Temple.
  2957 | D:4      | Reached skill level 5 in Axes
  2957 | D:4      | Reached XP level 5. HP: 35/47 MP: 4/4
  2959 | D:4      | Reached skill level 5 in Fighting
  3151 | D:4      | Reached skill level 6 in Axes
  3325 | D:4      | Reached XP level 6. HP: 20/56 MP: 5/5
  3343 | Temple   | Entered the Ecumenical Temple
  3751 | Temple   | Became a worshipper of Warmaster Okawaru
  3835 | D:4      | Noticed Ijyb
  3842 | D:4      | Killed Ijyb
  3914 | D:5      | Entered Level 5 of the Dungeon
  4092 | D:5      | Reached skill level 7 in Axes
  4103 | D:5      | Reached * piety under Okawaru
  4354 | D:5      | Reached XP level 7. HP: 63/63 MP: 6/6
  4451 | D:5      | Reached skill level 5 in Shields
  4522 | D:5      | Reached skill level 8 in Axes
  5194 | D:6      | Reached ** piety under Okawaru
  5195 | D:6      | Reached skill level 9 in Axes
  5195 | D:6      | Reached XP level 8. HP: 43/70 MP: 7/7
  5579 | D:6      | Reached skill level 10 in Axes
  5779 | D:6      | Noticed Edmund
  5795 | D:6      | Killed Edmund
  5951 | D:6      | Found a white marble altar of Elyvilon.
  6011 | D:6      | Found a basalt altar of Yredelemnul.
  6053 | D:6      | Reached *** piety under Okawaru
  6227 | D:6      | Reached skill level 11 in Axes
  6456 | D:6      | Reached XP level 9. HP: 75/75 MP: 8/8
  6885 | D:7      | Reached skill level 12 in Axes
  6907 | D:7      | Reached **** piety under Okawaru
  6930 | D:7      | HP: 3/75 [wyvern (14)]
  7074 | D:7      | HP: 2/75 [white imp/puff of frost (13)]
  7081 | D:7      | HP: 2/75 [ice beast (1)]
  7081 | D:7      | Mangled by an ice beast

Illustrated notes

Levels and vault maps discovered:
D:1:      amcnicky_arrival_feature_with_door, layout_basic,
          minmay_misc_feat_room
D:2:      layout_basic, shapermc_ecumenical_altar_gd
D:3:      layout_rooms, serial_co_window_serial, co_window_corner_a,
          co_window_cross_1, co_window_corner_a, co_window_paths_b,
          co_window_of_opportunity_a, co_window_2corner, co_window_corner_cb,
          co_window_broadway_c, co_window_cross_2, co_window_unsneaky_path_d,
          glass_columns_a, glass_columns_b, glass_columns_a
D:4:      layout_rooms, minmay_temple_entry_steel_oval, uniq_ijyb
D:5:      layout_basic, grunt_ministairs_8, hangedman_minor_gate_pass
D:6:      minmay_diamond_boxcup, layout_rooms, kennysheep_ying_yang, uniq_edmund
D:7:      minmay_octagon_keep, layout_layer_cave, enter_bailey_2,
          minmay_microvault
Temple:   mainiacjoe_temple_bowtie_tessellation

Skill      XL: |  1  2  3  4  5  6  7  8  9 |
---------------+----------------------------+-----
Axes           | 3 4 5 6 7 9 11 12 | 12.6
Fighting       | 4 5 6 |  6.0
Shields        | 4 6 7 8 |  8.8
Armour         | |  3.6

Action                   |  1- 3 |  4- 6 |  7- 9 || total
-------------------------+-------+-------+-------++-------
Melee: War axe           |   108 |   116 |   197 ||   421
       Headbutt          |    10 |    14 |    35 ||    59
Invok: Heroism           |       |       |     2 ||     2
  Use: Scroll            |       |    12 |       ||    12
Armor: Scale mail        |    48 |    57 |    68 ||   173
Dodge: Dodged            |    40 |    57 |    64 ||   161
Block: Buckler           |    17 |    16 |       ||    33
       Kite shield       |       |    20 |    91 ||   111

Table legend: (Time is in decaauts)
 A = Elapsed time spent in this place.
 B = Non-inter-level travel time spent in this place.
 C = Inter-level travel time spent in this place.
 D = Time resting spent in this place.
 E = Time spent auto-exploring this place.
 F = Levels seen in this place.
 G = Mean time per level.
                   A        B        C        D        E       F      G
               +--------+--------+--------+--------+--------+-----+--------+
         Total |   7172 |   6822 |    350 |    785 |   4891 |   8 |  896.5 |
       Dungeon |   6745 |   6425 |    320 |    785 |   4506 |   7 |  963.6 |
        Temple |    426 |    396 |     30 |      0 |    385 |   1 |  426.0 |
               +--------+--------+--------+--------+--------+-----+--------+

Top non-repeatable levels by time:
     D:6: 1499 daAuts
     D:5: 1269 daAuts
     D:1: 1228 daAuts
     D:2: 901 daAuts
     D:3: 816 daAuts
     D:4: 602 daAuts
     D:7: 426 daAuts
  Temple: 426 daAuts
